Map: Year Zero LE

Players

MrMario

  • Race: Terran Terran
  • Spawn Location: 11:00

Throwfordays - Winner!

  • Race: Protoss Protoss
  • League: Silver
  • Spawn Location: 1:00

VOD

Have the link to the VOD?

Description

Time

  • Played on: Feb. 10, 2019, 3:50 p.m.
  • Length: 11:46
Show
View Real Time Build Order
Export as new Build Order

MrMario Terran 

Build Orders:  

Get SALT Encoding   

  12  0:00  SCV  
  13  0:14  Supply Depot  
  13  0:18  SCV  
  14  0:30  SCV  
  15  0:37  Barracks  
  15  0:43  SCV  
  15  0:48  Refinery  
  16  0:55  SCV  
  17  1:02  Supply Depot  
  17  1:07  SCV  
  18  1:20  SCV  
  18  1:24  Barracks Tech Lab  
  19  1:26  Barracks  
  19  1:32  SCV  
  20  1:44  SCV  
  20  1:46  Supply Depot  
  21  1:53  Marine  
  22  1:56  SCV  
  22  1:59  Refinery  
  23  2:07  Combat Shield  
  23  2:08  SCV  
  23  2:13  Supply Depot  
  24  2:27  Supply Depot  
  24  2:29  Barracks Reactor  
  24  2:31  SCV  
  25  2:43  SCV  
  26  2:45  Marine  
  27  2:55  Barracks  
  28  2:58  SCV  
  28  3:07  Marine, Supply Depot  
  28  3:08  Marine  
  28  3:09  Marine  
  31  3:18  Engineering Bay  
  31  3:24  SCV  
  31  3:25  Marine  
  33  3:35  Barracks  
  33  3:39  Marine x2  
  35  3:45  SCV  
  35  3:47  Stimpack  
  36  3:49  Terran Infantry Weapons Level 1  
  36  3:51  Barracks Reactor  
  36  3:54  Marine  
  37  4:04  Supply Depot  
  37  4:10  SCV  
  37  4:13  Marine  
  37  4:15  Marine  
  40  4:18  Marine  
  40  4:22  SCV  
  42  4:24  Barracks Reactor  
  42  4:27  Marine, Supply Depot  
  42  4:30  Marine  
  44  4:33  Marine  
  44  4:36  Marine  
  46  4:39  Marine  
  46  4:45  Marine  
  48  4:48  Marine  
  48  4:51  Marine, SCV  
  51  4:55  Marine  
  51  4:59  Marine  
  53  5:03  Marine, SCV  
  53  5:05  Marine  
  56  5:08  Marine  
  56  5:10  Marine  
  58  5:14  Marine  
  58  5:16  Marine  
  58  5:21  SCV  
  61  5:23  Marine  
  61  5:26  Marine  
  61  5:28  Marine  
  64  5:31  Marine  
  64  5:33  Marine  
  64  5:48  Marine  
  64  5:49  Marine x5  
  63  6:10  Marine x3, Factory  
  66  6:13  Marine x2  
  66  6:14  Marine  
  69  6:20  Marauder  
  69  6:25  SCV  
  72  6:36  Marine  
  72  6:37  Marine  
  72  6:38  SCV  
  75  6:40  Marine x2  
  75  6:43  Marauder  
  79  6:52  Supply Depot  
  79  6:55  Supply Depot  
  79  7:07  Starport  
  79  7:09  Orbital Command  
  79  7:32  Command Center  
  79  7:37  Refinery  
  79  7:41  Refinery  
  79  7:42  Marine  
  80  7:53  Marine x2  
  80  7:54  Marine x2  
  84  8:07  Marine x2  
  86  8:24  Terran Infantry Armor Level 1  
  86  8:28  Armory  
  85  8:35  Medivac  
  85  8:36  Medivac  
  76  8:56  Barracks Reactor  
  76  8:57  Marine x3  
  76  8:58  Marine x2  
  76  9:00  SCV  
  82  9:05  Orbital Command  
  82  9:12  SCV  
  82  9:15  Marine x2  
  82  9:16  Marauder  
  87  9:24  SCV  
  87  9:26  Marine  
  89  9:32  Medivac  
  89  9:36  SCV  
  89  9:37  SCV  
  93  9:41  Refinery  
  93  9:42  Refinery  
  93  9:45  Medivac  
  93  9:48  SCV  
  93  9:49  SCV  
  97  10:00  SCV  
  98  10:35  Command Center  
  98  10:52  Command Center  
  98  10:55  Marine  
  98  10:56  Marine  
  100  11:01  Missile Turret  
  99  11:20  Missile Turret  
  64  11:36  Starport  
  64  11:37  Starport  
  64  11:38  Missile Turret  
Show
View Real Time Build Order
Export as new Build Order

Throwfordays Protoss - Winner!

Build Orders:  

Get SALT Encoding   

  12  0:00  Probe  
  13  0:13  Probe  
  14  0:20  Pylon  
  14  0:25  Probe  
  15  0:38  Probe  
  15  0:40  Gateway  
  16  0:50  Probe  
  16  0:54  Assimilator  
  17  1:02  Probe  
  18  1:05  Forge  
  18  1:14  Probe  
  19  1:26  Probe  
  19  1:27  Cybernetics Core  
  20  1:33  Warp Gate  
  20  1:35  Assimilator  
  20  1:50  Probe  
  21  1:54  Pylon  
  21  1:55  Pylon  
  21  2:12  Protoss Ground Weapons Level 1  
  21  2:20  Nexus  
  21  2:30  Probe  
  22  2:42  Probe  
  23  2:46  Gateway  
  23  2:54  Probe  
  23  2:57  Gateway  
  24  3:06  Gateway  
  24  3:13  Probe  
  25  3:25  Probe  
  26  3:31  Probe  
  27  3:37  Gateway, Probe  
  27  3:39  Probe  
  28  3:47  Probe  
  29  3:49  Probe  
  31  3:58  Probe  
  31  4:01  Probe  
  33  4:03  Twilight Council  
  33  4:06  Protoss Ground Armor Level 1  
  33  4:10  Probe  
  33  4:13  Probe  
  35  4:22  Probe  
  36  4:25  Probe  
  36  4:26  Assimilator  
  37  4:32  Stalker  
  37  4:34  Probe  
  37  4:35  Stalker  
  37  4:37  Probe  
  43  4:40  Stalker  
  43  4:45  Stalker  
  47  4:47  Probe  
  47  4:49  Probe  
  47  4:50  Stalker  
  51  4:57  Pylon  
  51  5:01  Blink, Probe  
  52  5:07  Assimilator  
  52  5:08  Probe  
  53  5:14  Forge  
  53  5:17  Stalker  
  53  5:18  Stalker  
  53  5:20  Probe  
  58  5:22  Protoss Ground Weapons Level 2, Stalker  
  60  5:31  Pylon  
  60  5:38  Stalker x2  
  55  6:06  Protoss Ground Armor Level 2  
  55  6:13  Pylon  
  55  6:15  Pylon  
  55  6:17  Pylon  
  55  6:19  Pylon  
  55  6:22  Pylon  
  55  6:33  Probe  
  55  6:37  Adept x2  
  55  6:38  Adept x2  
  64  6:42  Resonating Glaives  
  64  6:45  Probe  
  65  6:47  Pylon  
  65  7:13  Adept x3  
  65  7:14  Adept  
  73  7:15  Gateway  
  73  7:20  Pylon  
  73  7:22  Pylon  
  73  7:27  Pylon  
  73  7:31  Protoss Ground Weapons Level 3  
  73  7:34  Sentry x2  
  73  7:35  Adept  
  73  7:36  Adept  
  81  7:53  Robotics Facility  
  81  7:55  Robotics Facility  
  81  7:59  Adept x2  
  81  8:00  Adept x2  
  89  8:13  Nexus  
  89  8:21  Charge  
  89  8:24  Protoss Ground Armor Level 3  
  77  8:43  Adept x3  
  77  8:44  Adept x2  
  85  9:14  Zealot x5  
  95  9:18  Robotics Bay  
  95  9:32  Templar Archives  
  95  9:35  Robotics Facility  
  95  9:38  Pylon  
  95  9:43  Zealot x3  
  95  9:44  Zealot x2  
  105  10:05  Adept x5  
  115  10:07  Colossus x2  
  127  10:26  Observer  
  128  10:32  Probe  
  129  10:40  Probe  
  129  10:45  Zealot x3  
  129  10:46  Zealot  
  129  10:47  Observer  
  139  10:50  Probe  
  140  11:02  Probe  
  141  11:21  Probe  
Tags
 
League
Silver
Matchup
PvT
Replay Pack
Multiplayer
Spawn Locations
Close Positions
Add a new tag
Caveats
  • Supply blocks, unpowered buildings, or Contaminate may cause inaccurate times.
  • Supply counts are checked every 10 seconds.